 Dungeon Crawl Stone Soup version 0.26.1-11-gd32895ea62 (webtiles) character file.

Game seed: 10586438636341457934

40 Zeld the Cudgeller (level 3, -1/30 HPs)
             Began as a Draconian Gladiator on July 12, 2021.
             Slain by a kobold
             ... wielding a +0 short sword
              (2 damage)
             ... on level 3 of the Dungeon.
             The game lasted 00:03:29 (1676 turns).

Zeld the Cudgeller (Draconian Gladiator)            Turns: 1676, Time: 00:03:30

Health: -1/30      AC:  6    Str: 17    XL:     3   Next: 30%
Magic:  3/3        EV: 12    Int:  8    God:
Gold:   55         SH:  3    Dex: 12    Spells: 2/2 levels left

rFire    + . .     SeeInvis .   a - +0 flail
rCold    + . .     Faith    .   h - +0 buckler
rNeg     . . .     Spirit   .   (armour unavailable)
rPois    .         Reflect  .   b - +0 hat
rElec    .         Harm     .   k - scarf {rC+ rF+}
rCorr    .         Rampage  .   (no gloves)
Will     .....                  j - +0 pair of boots
Stlth    +.........             (no amulet)
HPRegen  0.10/turn              (no ring)
MPRegen  0.08/turn              (no ring)

@: no status effects
A: unfitting armour, cold-blooded, AC +5
a: no special abilities


You were on level 3 of the Dungeon.
You visited 1 branch of the dungeon, and saw 3 of its levels.

You collected 55 gold pieces.

Inventory:

Hand Weapons
 a - a +0 flail (weapon)
Missiles
 d - 6 stones (quivered)
 o - 3 datura-tipped darts
Armour
 b - a +0 hat (worn)
 h - a +0 buckler (worn)
 j - a +0 pair of boots (worn)
 k - a scarf of resistance (worn)
Jewellery
 m - an uncursed ring of ice {unknown}
Scrolls
 f - a scroll of immolation {unknown}
 g - a scroll of fog {unknown}
 n - a scroll of teleportation {unknown}
Potions
 e - a potion of might {unknown}
 i - a potion of degeneration {unknown}
 l - a potion of brilliance {unknown}


   Skills:
 + Level 2.5 Fighting
 * Level 3.3 Maces & Flails
 * Level 2.3 Throwing
 + Level 2.8 Dodging
 + Level 0.9 Stealth
 + Level 0.5 Shields


You had 2 spell levels left.
You didn't know any spells.
Your spell library was empty.

Dungeon Overview and Level Annotations

Branches:
Dungeon (3/15)

Altars:

Annotations:
D:2 Sigmund, Terence


Innate Abilities, Weirdness & Mutations

Your plain brown scales are hard. (AC +5)
You cannot fit into any form of body armour.
You are cold-blooded and may be slowed by cold attacks.


Message History

You hit the leopard gecko.
The leopard gecko is heavily wounded.
The leopard gecko misses you.
You thump the leopard gecko!
You kill the leopard gecko!
You hit the kobold.
The kobold is moderately wounded.
The kobold misses you.
You barely miss the kobold. You tail-slap the kobold.
The kobold is severely wounded.
The kobold hits you but does no damage.
The kobold hits you with a +0 short sword.
* * * LOW HITPOINT WARNING * * *
You barely miss the kobold.
Your tail-slap misses the kobold.
The kobold is severely wounded.
The kobold barely misses you.
You hit the kobold but do no damage.
The kobold is severely wounded.
The kobold hits you with a +0 short sword.
You die...

...# #...
### #...##
#.## #...#
#..#
#...##
#.<# #...#
#..#
#.l.###.##
##...##K#
#...##@#
##..r#.#
+...#.#
##.##.#
#.†..#
######


You could see a kobold.

Vanquished Creatures
  An ooze (D:1)
  A worm (D:2)
  2 leopard geckos
  A ball python (D:1)
  3 giant cockroaches (D:1)
  3 goblins (D:1)
  5 hobgoblins
  4 kobolds (D:1)
  A quokka (D:3)
  2 bats (D:1)
  5 rats
28 creatures vanquished.

Notes
Turn   | Place    | Note
-------+----------+-------------------------------------------
     0 | D:1      | Zeld the Draconian Gladiator began the quest for the Orb.
     0 | D:1      | Reached XP level 1. HP: 17/17 MP: 1/1
   200 | D:1      | Reached XP level 2. HP: 20/24 MP: 2/2
   860 | D:1      | Reached XP level 3. HP: 30/30 MP: 3/3
  1021 | D:1      | You fall into a shaft and drop 1 floor!
  1021 | D:2      | Noticed Sigmund
  1567 | D:3      | Noticed Terence
  1674 | D:3      | HP: 1/30 [kobold/+0 short sword (5)]
  1676 | D:3      | Slain by a kobold

Illustrated notes

Levels and vault maps discovered:
D:1:      amcnicky_arrival_single_pillar, layout_loops_ring,
          kennysheep_small_spiral
D:2:      layout_basic, lightli_temple_of_fire, amethyst_overflow_temple_binary,
          uniq_sigmund
D:3:      minmay_razor_zed, layout_rooms, elyvilon_altar_5,
          nemelex_spade_bored_becter, uniq_natasha, uniq_terence

Skill      XL: |  1 |
---------------+----+-----
Throwing       | 2 |  2.3
Fighting       | |  2.5
Maces & Flails | |  3.3
Dodging        | |  2.8
Stealth        | |  0.9
Shields        | |  0.5

Action                   || total
-------------------------++-------
Melee: Flail             ||    95
       Tailslap          ||     9
Throw: Stone             ||     8
       Throwing net      ||     4
 Stab: Sleeping          ||     1
       Held in net/web   ||     1
Armor: Skin              ||    21
Dodge: Dodged            ||    94
Block: Buckler           ||     5
